 Dungeon Crawl Stone Soup version 0.17.2-1-ge4368a0 (webtiles) character file.

23 ololoev the Chopper (level 2, -1/24 HPs)
             Began as a Demonspawn Berserker on Aug 2, 2016.
             Was a Follower of Trog.
             Slain by an adder (4 damage)
             ... on level 2 of the Dungeon.
             The game lasted 00:02:34 (251 turns).

ololoev the Chopper (Demonspawn Berserker)           Turns: 251, Time: 00:02:34

Health: -1/24      AC:  2    Str: 17    XL:     2   Next: 75%
Magic:  2/2        EV: 14    Int:  8    God:    Trog [*.....]
Gold:   4          SH:  0    Dex: 12    Spells: 0 memorised, 1 level left

rFire  . . .     SeeInvis .     g - +1 hand axe (elec)
rCold  . . .     Clarity  .     b - +0 animal skin
rNeg   . . .     SustAt   .     (no shield)
rPois  .         Gourm    .     (no helmet)
rElec  .         Spirit   .     (no cloak)
rCorr  .         Warding  .     (no gloves)
rMut   .         Stasis   .     (no boots)
MR     .....                    (no amulet)
Stlth  +.........               (no ring)
                                (no ring)

@: lethally poisoned (-1 -> -7), exhausted, slowed, very slow, not resistant to
hostile enchantments, very unstealthy
A: repulsion field 1
a: Berserk, Burn Spellbooks, Renounce Religion


Innate Abilities, Weirdness & Mutations

You are surrounded by a mild repulsion field (EV +2).

Inventory:

Hand Weapons
 a - a +0 hand axe
 g - a +1 hand axe of electrocution (weapon)
Armour
 b - a +0 animal skin (worn)
Scrolls
 d - a scroll of identify {unknown}
Potions
 e - a potion of cure mutation {unknown}
Comestibles
 c - a bread ration
 f - 2 chunks of flesh


   Skills:
 + Level 3.1 Fighting
 * Level 3.2 Axes
 + Level 2.0 Armour
 + Level 2.0 Dodging


You had one spell level left.
You didn't know any spells.


You were on level 2 of the Dungeon.
You worshipped Trog.
Trog was aware of your devotion.
You were not hungry.

You visited 1 branch of the dungeon, and saw 2 of its levels.

You collected 4 gold pieces.

######## #
######......## ..
...#........# #...
#..........#.....
######..............
##...##.@....<.......
#.....#S....)........
#..............##....
........#........# ....
.##...................#
.....................
.##.....#..####..####
%.......... ..##
###......#### ##

Notes
Turn   | Place    | Note
--------------------------------------------------------------
     0 | D:1      | ololoev the Demonspawn Berserker began the quest for the Orb.
     0 | D:1      | Reached XP level 1. HP: 18/18 MP: 1/1
   137 | D:1      | Gained mutation: You are surrounded by a mild repulsion field (EV +2). [demonic ancestry]
   137 | D:1      | Reached XP level 2. HP: 17/24 MP: 2/2
   251 | D:2      | Slain by an adder

Dungeon Overview and Level Annotations

Branches:
Dungeon (2/15)

Altars:


Message History

You feel a strong urge to attack something.
You feel sick.
You see here 4 gold pieces.
You are no longer berserk.
You are exhausted.
You feel yourself slow down.
You are feeling very hungry.
You see here a scroll labeled NAECUI KUHOST.
Unknown command.
Unknown command.
Drink which item? (? for menu, Esc to quit)
It was a potion of curing.
You feel better.
Drink which item? (? for menu, Esc to quit)
Okay, then.
d - a scroll labeled NAECUI KUHOST You now have 4 gold pieces.
There are no items here.
Things that are here:
a club; a hobgoblin corpse You butcher the hobgoblin corpse.
f - 3 chunks of flesh You see here a club.
Eat one of 3 chunks of flesh? (ye/n/q/i?) This raw flesh tastes terrible.
You continue eating. x2
An adder comes into view.
Found a meat ration.
You see here a runed hand axe.
g - a runed hand axe The adder bites you.
Wield which item (- for none, * to show all)? (? for menu, Esc to quit)
You hear the crackle of electricity.
g - a +1 hand axe of electrocution (weapon)
The adder bites you. The adder misses you. The adder bites you.
You are lethally poisoned!
The adder poisons you!
You feel sick. The adder bites you.
You die...

You could see an adder.

Vanquished Creatures
  An adder (D:2)
  A bat (D:1)
  A giant cockroach (D:1)
  3 goblins (D:1)
  A hobgoblin (D:2)
  2 jackals (D:1)
  2 kobolds (D:1)
  2 giant newts (D:1)
13 creatures vanquished.

Action                   || total
-------------------------++-------
Melee: Hand axe          ||    40
Invok: Berserk           ||     4
  Use: Potion            ||     1
  Eat: Chunk             ||     2

Vault maps used:
D:1:      saegor_arrival_simple_e
D:2:      kennysheep_generic_room_13, uniq_sigmund, uniq_terence
